 Dungeon Crawl Stone Soup version 0.30-a0-948-g4fa250aae5 (webtiles) character file.

Game seed: 14252968718201604476

11 Iniera the Conjurer (level 2, -1/19 HPs)
             Began as a Demonspawn Conjurer on Mar 27, 2023.
             Slain by Terence
             ... wielding a +0 mace
              (7 damage)
             ... on level 2 of the Dungeon.
             The game lasted 00:00:39 (923 turns).

Iniera the Conjurer (Demonspawn Conjurer)            Turns: 923, Time: 00:00:40

Health: -1/19      AC:  2    Str:  7    XL:     2   Next: 13%
Magic:  0/5        EV: 12    Int: 19    God:
Gold:   72         SH:  0    Dex: 11    Spells: 2/5 levels left

rFire   . . .      SeeInvis .    (no weapon)
rCold   . . .      Faith    .    (no shield)
rNeg    . . .      Spirit   .    a - +0 robe
rPois   .          Reflect  .    (no helmet)
rElec   .          Rampage  .    (no cloak)
rCorr   .                        (no gloves)
Will    .....                    (no boots)
Stlth   ++                       (no amulet)
HPRegen 0.23/turn                (no ring)
MPRegen 0.09/turn                (no ring)

@: no status effects
A: hooves 1
a: no special abilities


You were on level 2 of the Dungeon.
You visited 1 branch of the dungeon, and saw 2 of its levels.

You collected 72 gold pieces.

Inventory:

Armour
 a - a +0 robe (worn)
Scrolls
 c - a scroll of noise {unknown}
 e - a scroll of teleportation {unknown}
 g - a scroll of fear {unknown}
 h - a scroll of amnesia {unknown}
Potions
 b - a potion of magic
 d - a potion of invisibility {unknown}
 f - a potion of heal wounds {unknown}


   Skills:
 - Level 1.7 Dodging
 - Level 1.7 Stealth
 + Level 2.2 Spellcasting
 * Level 4.3 Conjurations


You had 2 spell levels left.
You knew the following spells:

 Your Spells              Type           Power      Damage    Failure   Level
a - Magic Dart            Conj           72%        1d6       2%          1
b - Searing Ray           Conj           36%        2d5       4%          2

Your spell library contained the following spells:

 Spells                   Type           Power      Damage    Failure   Level
 Dazzling Flash           Conj/Hex       20%        N/A       21%         3
 Summon Guardian Golem    Hex/Summ       2%         N/A       45%         3
 Fulminant Prism          Conj/Hex       5%         3d7       54%         4
 Iskenderun's Mystic Bla  Conj/Tloc      10%        2d4       54%         4
 Orb of Destruction       Conj           9%         9d6       100%        7
 Spellforged Servitor     Conj/Summ      5%         N/A       100%        7


Dungeon Overview and Level Annotations

Branches:
Dungeon (2/15)

Altars:

Annotations:
D:2 Terence


Innate Abilities, Weirdness & Mutations

You have large cloven feet.


Message History

The magic dart hits the endoplasm.
You kill the endoplasm!
Magic restored.
Terence the Incautious comes into view.
He is wielding a +0 mace and carrying a wand of flame (25).
The magic dart hits Terence.
Terence is lightly wounded.
Terence shouts!
There is a stone staircase leading up here.
Okay, then.
You aren't wearing any rings or amulets.
Unknown command.
Okay, then.
Okay, then.
You climb upwards.
There is a stone staircase leading down here.
Memorise Searing Ray, consuming 2 spell levels and leaving 2?
You start memorising the spell.
You continue memorising. x2
You finish memorising.
Spell assigned to 'b'.
You climb downwards.
Level annotation: Terence
There is a stone staircase leading up here.
The magic dart hits Terence.
Terence is lightly wounded.
Casting: Magic Dart (safe; 2% risk of failure)
Confirm with . or Enter, or press ? or * to list all spells.
Aiming: Searing Ray (safe; 4% risk of failure)
Press: ? - help, Shift-Dir - straight line, f/p - Terence
Aim: Terence, wielding a +0 mace, wearing a +0 scale mail and carrying a wand of flame (25) (lightly wounded, 81% to hit)
The searing ray hits Terence!
Terence is heavily wounded. (Press . to maintain the ray.)
The searing ray hits Terence.
Terence is heavily wounded.
Terence hits you with a +0 mace!
The searing ray hits Terence.
Terence is severely wounded.
Terence hits you with a +0 mace.
Without enough magic to sustain it, your searing ray dissipates.
Terence hits you with a +0 mace!
You die...

##### ###
#...#...#
###...#...#
###.........#
####..........!#
.....##.@......#
# #..@###.#.##
#.### .# # #. .#
. @# #. .# . .#
..


You could see Terence.

Vanquished Creatures
  A ball python (D:1)
  3 endoplasms
  2 goblins (D:1)
  A bat (D:1)
  A frilled lizard (D:1)
  A kobold (D:1)
  A rat (D:1)
10 creatures vanquished.

Notes
Turn   | Place    | Note
-------+----------+-------------------------------------------
     0 | D:1      | Iniera the Demonspawn Conjurer began the quest for the Orb.
     0 | D:1      | Reached XP level 1. HP: 13/13 MP: 3/3
   430 | D:1      | Gained mutation: You have large cloven feet. [demonic
                  | ancestry]
   430 | D:1      | Reached XP level 2. HP: 19/19 MP: 0/5
   907 | D:2      | Noticed Terence
   917 | D:1      | Learned a level 2 spell: Searing Ray
   923 | D:2      | Slain by Terence

Illustrated notes

Levels and vault maps discovered:
D:1:      dpeg_arrival_three_same_balls, layout_basic, glass_columns_a
D:2:      layout_rooms, uniq_robin, uniq_terence

Action                     || total
---------------------------++-------
   Cast: Magic Dart        ||    21
         Searing Ray       ||     1
  Dodge: Dodged            ||     1

Table legend: (Time is in decaauts)
 A = Elapsed time spent in this place.
 B = Non-inter-level travel time spent in this place.
 C = Inter-level travel time spent in this place.
 D = Time resting spent in this place.
 E = Time spent auto-exploring this place.
 F = Levels seen in this place.
 G = Mean time per level.
                   A        B        C        D        E       F      G
               +--------+--------+--------+--------+--------+-----+--------+
         Total |    923 |    906 |     17 |      0 |    843 |   2 |  461.5 |
       Dungeon |    923 |    906 |     17 |      0 |    843 |   2 |  461.5 |
               +--------+--------+--------+--------+--------+-----+--------+

Top non-repeatable levels by time:
     D:1: 875 daAuts
     D:2: 48 daAuts
